← All builds
Tech / Armada / Economy first / OBSERVED BUILD

Standard tech

Armada Tech (Eco) build order · Supreme Isthmus

Rushes T2 by 4:15, gets Advanced Metal Extractor around 5:28, hands off T2 constructors to Geo and the team, then scales eco and supplies the team's T2 needs through the rest of the game.

Usually first T2 con to Geo (83%)

#eco #t2 #team support · 1574 distinct matches · 255 players · 58% of Armada Tech games · team won 53% of 1868 · Recently observed

HOW TO PLAY IT

Key timing: T2 factory by 4:15

  1. Open 3 mex and heavy wind to fund a fast T2 rush.
  2. Put down Bot Lab, planning to eat it for reclaim soon after.
  3. Get Advanced Bot Lab up, hitting the T2 factory rush timing.
  4. Upgrade mex to Advanced Metal Extractor to lock in team metal income.
  5. Eat Advanced Bot Lab and keep sending cons to Geo and Pond.

Phase by phase

TYPICAL OF ITS 1574 GAMES
  1. 1
  2. 2
  3. 3
  4. 4
PLAY THE OPENING

Follow the example game's first 6:00 step by step: what to build now, what comes next, and where it goes. At 1× it keeps pace with your own game.

  1. 1

    Up to the Bot Lab

    Economy
    • Metal Extractor3Mex
    • Wind Turbine4Wind
    Order
    1. Bot LabBot Lab after 3 mex, 4 winddone ~1:18, middle half 1:13–1:32

    Some games also: energy storage (31%)

    By 1:01 in all: 3 mex · 4 wind

    The example game in this phase · 3 steps
    1. Mex ×3
    2. Wind ×4
    3. Bot LabBot Labdone 1:17 · typical 1:18
  2. 2

    Bot Lab to Advanced Bot Lab

    Economy
    • Metal Extractor1Mex
    • Wind Turbine8Wind
    • Energy Storage1Energy storage
    Order
    1. Advanced Bot LabAdvanced Bot Lab after 4 mex, 12 wind, 3 con turretdone ~4:16, middle half 4:04–4:30
    Builders
    • Construction Turret3 Con turret
    • Lazarus3 Lazarus
    • Construction Bot2 Con bot
    • Construction Bot1 Con bot for allies

    Some games also: converter (36%)

    By 3:18 in all: 4 mex · 12 wind · 1 energy storage · 3 con turret

    The example game in this phase · 20 steps
    1. LazarusLazarus
    2. Wind ×2
    3. Construction BotCon bot
    4. Wind ×2
    5. LazarusLazarus
    6. SentrySentry
    7. LazarusLazarus
    8. Construction BotCon bot
    9. Mex
    10. Construction BotCon bot
    11. Wind
    12. Con turret
    13. Wind
    14. Energy storage
    15. Wind ×5
    16. Converter
    17. Con turret
    18. Wind
    19. Converter
    20. Advanced Bot LabAdvanced Bot Labdone 4:46 · typical 4:16
  3. 3

    Advanced Bot Lab to 5:00

    Economy
    • Wind Turbine3Wind
    Order
    1. Bot LabEat Bot Lab
    Builders
    • Advanced Construction Bot1 T2 con bot for allies

    Some games also: converter (35%)

    By 5:00 in all: 4 mex · 15 wind · 1 converter · 1 energy storage · 3 con turret

    The example game in this phase · 6 steps
    1. Wind
    2. Bot LabEat Bot Labreclaimed for its metal
    3. Wind ×2
    4. Advanced Construction BotT2 con botfor Geo
    5. Wind ×2
    6. Advanced Construction BotT2 con botfor Pond
  4. 4

    5:00 to 10:00

    Economy
    • Wind Turbine43Wind
    • Energy Converter6Converter
    Builders
    • Butler9 Butler
    • Advanced Construction Bot4 T2 con bot for allies
    • Advanced Construction Bot1 T2 con bot

    Some games also: con turret (43%) · Butler for allies (37%)

    By 10:00 in all: 4 mex · 58 wind · 8 converter · 1 energy storage · 3 con turret

    The example game in this phase · 125 steps
    1. Wind
    2. Advanced Metal ExtractorT2 mexdone 6:02 · typical 5:29
    3. Wind ×2
    4. SharpshooterSniper botnot finished by 15:00
    5. Wind
    6. Advanced Metal ExtractorT2 mex
    7. Converter
    8. Wind ×2
    9. Advanced Metal ExtractorT2 mex
    10. SharpshooterSniper botfor Pond
    11. Wind ×2
    12. Advanced Metal ExtractorT2 mex
    13. Converter
    14. Wind ×2
    15. Converter
    16. Wind
    17. Converter
    18. Wind
    19. SharpshooterSniper botfor Pond
    20. Wind ×2
    21. Converter
    22. Wind
    23. ButlerButler
    24. Wind
    25. ButlerButler
    26. Wind
    27. Converter
    28. ButlerButler
    29. Wind
    30. ButlerButler
    31. Advanced Construction BotT2 con botfor Beach sea
    32. Wind ×4
    33. Converter
    34. Wind ×2
    35. Advanced Construction BotT2 con botfor Geo sea
    36. Wind
    37. Converter
    38. Wind ×4
    39. ButlerButler
    40. Wind
    41. ButlerButler
    42. Wind ×2
    43. Converter
    44. ButlerButler
    45. Wind
    46. ButlerButler
    47. Wind
    48. Metal storage
    49. ButlerButler
    50. Wind ×2
    51. ButlerButler
    52. Wind ×3
    53. ButlerButler
    54. Con turret
    55. Wind ×5
    56. ButlerButler
    57. Wind ×3
    58. Converter
    59. Wind ×5
    60. Converter
    61. Wind ×2
    62. ButlerButler
    63. Advanced Construction BotT2 con botfor Air
    64. Wind ×3
    65. Con turret
    66. Wind
    67. Converter
    68. Wind ×7
    69. Converter
    70. Wind ×6
    71. Converter
    72. Wind ×4
    73. ButlerButler
    74. Wind
    75. Con turret
    76. Wind ×2
    77. Converter
    78. Wind ×6
    79. ButlerButler
    80. Wind
    81. Converter
    82. Con turret
    83. Wind ×4
    84. Converter
    85. Wind ×2
    86. Converter
    87. ButlerButler
    88. Wind ×7
    89. Converter ×2
    90. Wind
    91. ButlerButler
    92. Wind ×6
    93. ButlerButler
    94. Converter
    95. Wind
    96. Converter
    97. Wind ×4
    98. Converter
    99. Wind
    100. Converter
    101. Wind ×5
    102. Converter ×2
    103. Wind ×11
    104. Converter ×2
    105. Wind ×6
    106. Converter
    107. Wind ×2
    108. Converter
    109. Wind ×4
    110. Vehicle PlantVehicle Plantdone 12:49
    111. Wind ×4
    112. Converter
    113. Wind
    114. Converter
    115. Wind
    116. Vehicle PlantVehicle Plantdone 12:56
    117. Wind ×4
    118. Converter
    119. Wind ×2
    120. Vehicle PlantVehicle Plantnot finished by 15:00
    121. Wind ×2
    122. Converter
    123. Wind
    124. Converter
    125. Wind ×3

Counts are medians over the build's games: half of them build more, half fewer. The example game is Ubilosis's (30 OS, 06/10/2026); pick another.

Team trades

IN AT LEAST 30% OF ITS GAMES

You hand over

  • Construction Bot1 Con bot to Airfirst at 2:24 · in 84% of games
  • Advanced Construction Bot5 T2 con bot to Air or Geo sea or Pondfirst at 4:50 · in 99% of games
  • Butler2 Butler to Geo sea or Beach sea or Pondfirst at 9:07 · in 42% of games

You get

  • Hercules1 Light transport from Airfirst at 4:01 · in 86% of games

How it plays out

Typical game of this build, running totals by minute

Metal produced

020k40k
0:005:0010:0015:00

metal

Enemy metal destroyed

050100
0:005:0010:0015:00

metal

Own metal lost

050100150
0:005:0010:0015:00

metal

1868 games.

Show as table
ByMetal produced: This buildEnemy metal destroyed: This buildOwn metal lost: This build
1:0038300
2:0091500
3:00165100
4:00314300
5:00484800
6:00580000
7:00722700
8:00906100
9:001116900
10:001350200
11:001623900
12:001965200
13:002344100
14:0027357074
15:003153885130
WHAT THE NUMBERS SAY

Standard Tech play barely fights at all early, instead pouring metal into T2 infrastructure and constructors for the team.

  • + Metal produced hits 31679 by 15:00, by far the highest of any role here.
  • + T2 factory reached in 97% of games by 4:15, fastest and most reliable T2 timing.
  • − Enemy metal destroyed stays at 0 through 10:00, no early offense at all.
  • − Own metal lost also near 0, showing total avoidance of combat risk.
THE EXAMPLE YOU ARE READING

Ubilosis

30.5 OS · 06/10/2026

Open source match ↗

1 received units
2047 metal received · 36801 energy received

Allied construction assistance is unknown. Timings are observations, not a promise of solo reproducibility.

Typical milestones

Bot Lab1:18Middle 50%: 1:13–1:32 · n=1868
Advanced Bot Lab4:16Middle 50%: 4:04–4:30 · n=1861
Advanced Metal Extractor5:29Middle 50%: 5:06–5:59 · n=1864

Played most by

Amrissa93games of this buildTheGeneraI66games of this buildAdeus57games of this buildEl_Turco56games of this buildKOT_43games of this build